 Dungeon Crawl Stone Soup version 0.29-a0-857-g9b1aa3ac5b (webtiles) character file.

Game seed: 17986166594396243867

697 jimonade the Magician (level 7, -7/51 HPs)
             Began as a Gnoll Hedge Wizard on July 17, 2022.
             Was a Follower of Okawaru.
             Killed by divine providence
             ... invoked by an orc priest
              (15 damage)
             ... on level 5 of the Dungeon.
             The game lasted 00:20:32 (7203 turns).

jimonade the Magician (Gnoll Hedge Wizard)          Turns: 7203, Time: 00:20:32

Health: -7/51      AC: 13    Str: 11    XL:     7   Next: 65%
Magic:  3/18       EV: 11    Int: 16    God:    Okawaru [*.....]
Gold:   211        SH:  0    Dex: 11    Spells: 18/21 levels left

rFire   . . .      SeeInvis +   a - staff of conjuration
rCold   . . .      Faith    .   (no shield)
rNeg    . . .      Spirit   .   z - +3 ring mail "Wusitu" {Int+2}
rPois   .          Reflect  .   F - +0 helmet
rElec   .          Harm     .   (no cloak)
rCorr   +          Rampage  .   m - +2 pair of gloves
Will    .....                   H - +0 pair of boots
Stlth   ++........              (no amulet)
HPRegen 0.17/turn               q - ring of see invisible
MPRegen 0.16/turn               w - ring of resist corrosion

@: very slightly contaminated
A: fangs 1, strong nose, distributed training
a: Renounce Religion, Heroism


You were on level 5 of the Dungeon.
You worshipped Okawaru.
Okawaru was aware of your devotion.
You visited 2 branches of the dungeon, and saw 7 of its levels.

You collected 334 gold pieces.
You spent 123 gold pieces at shops.

Inventory:

Hand Weapons
 b - the +10 dagger of Nolasena {drain, rPois rC- Str+7 Dex-5}
   (You found it on level 5 of the Dungeon)

   A truly terrible weapon, it drains the life of any living foe it strikes.
   Str:       It affects your strength (+7).
   Dex:       It affects your dexterity (-5).
   rC:        It makes you vulnerable to cold.
   rPois:     It protects you from poison.
 g - a +2 dagger of holy wrath
 i - a +0 hand axe
 j - a +0 spear
 k - a +2 vorpal mace
 n - a +0 dagger of protection
 p - a +0 sling
 B - a +0 short sword
 C - a +0 quarterstaff
 E - a +0 battleaxe
 L - a +3 spectral club
Missiles
 u - 13 poisoned darts
 I - 2 boomerangs
Armour
 m - a +2 pair of gloves (worn)
 v - a +0 leather armour
 z - the +3 ring mail "Wusitu" (worn) {Int+2}
   (You found it on level 4 of the Dungeon)

   Int:       It affects your intelligence (+2).
 D - a +0 robe
 F - a +0 helmet (worn)
 H - a +0 pair of boots (worn)
Magical Staves
 a - a staff of conjuration (weapon)
Jewellery
 q - a ring of see invisible (left hand)
 w - a ring of resist corrosion (right hand)
Wands
 y - a wand of paralysis (5)
Scrolls
 f - a scroll of identify
 h - 2 scrolls of teleportation
 J - a scroll of brand weapon {unknown}
 K - a scroll of blinking {unknown}
Potions
 d - 3 potions of magic
 e - a potion of flight
 l - a potion of brilliance
 o - 2 potions of curing
 r - a potion of attraction
 s - 2 potions of haste {unknown}
 t - a potion of heal wounds {unknown}
 A - 2 potions of might {unknown}
 G - a potion of mutation {unknown}


   Skills:
 + Level 2.7 Fighting
 + Level 2.7 Short Blades
 + Level 2.7 Long Blades
 + Level 2.7 Axes
 + Level 2.7 Maces & Flails
 + Level 2.7 Polearms
 + Level 2.7 Staves
 + Level 2.7 Ranged Weapons
 + Level 2.7 Throwing
 + Level 2.7 Armour
 + Level 5.4 Dodging
 + Level 5.0 Stealth
 + Level 2.7 Shields
 + Level 2.7 Unarmed Combat
 + Level 7.7 Spellcasting
 + Level 3.1 Conjurations
 + Level 2.2 Hexes
 + Level 3.1 Summonings
 + Level 2.2 Necromancy
 + Level 3.1 Translocations
 + Level 2.2 Transmutations
 + Level 2.2 Fire Magic
 + Level 2.2 Ice Magic
 + Level 2.2 Air Magic
 + Level 2.2 Earth Magic
 + Level 2.2 Poison Magic
 + Level 3.0 Invocations
 + Level 2.7 Evocations


You had 18 spell levels left.
You knew the following spells:

 Your Spells              Type           Power      Damage    Failure   Level
a - Magic Dart            Conj           96%        1d7       7%          1
b - Blink                 Tloc           32%        N/A       11%         2

Your spell library contained the following spells:

 Spells                   Type           Power      Damage    Failure   Level
 Slow                     Hex            52%        N/A       11%         1
 Conjure Flame            Conj/Fire      22%        6-21      26%         3
 Mephitic Cloud           Conj/Pois/Air  21%        N/A       28%         3
 Confusing Touch          Hex            13%        N/A       30%         3
 Vampiric Draining        Necr           13%        2d6       30%         3
 Cause Fear               Hex            6%         N/A       71%         4
 Dragon Form              Tmut           6%         N/A       100%        7
 Call Imp                 Summ           Unusable   N/A       N/A         2
 Dragon's Call            Summ           Unusable   N/A       N/A         9

Dungeon Overview and Level Annotations

Branches:
Dungeon (6/15)             Temple (1/1) D:4

Altars:
Cheibriados
Dithmenos
Gozag
Hepliaklqana
Kikubaaqudgha
Makhleb
Nemelex Xobeh
Okawaru
Qazlal
Sif Muna
Uskayaw
Vehumet
Wu Jian
Xom
Yredelemnul
Zin

Shops:
D:3 ??   D:4 ?

Annotations:
D:3 exclusion: downstairs
D:4 Dowan, Duvessa


Innate Abilities, Weirdness & Mutations

You have very sharp teeth.
Your uncanny sense of smell can sniff out nearby items.
Your experience applies equally to all skills.


Message History

Nothing appears to happen.
The orc priest hits you but does no damage.
You feel a surge of power!
The magic dart hits the orc priest.
The orc priest is moderately wounded.
The orc priest misses you.
You feel a surge of power!
The magic dart hits the orc priest.
The orc priest is heavily wounded.
The orc priest hits you but does no damage.
You feel a surge of power!
The magic dart hits the orc priest.
The orc priest is heavily wounded.
The orc priest mumbles some strange prayers to Beogh against you.
Beogh smites you!
You are too injured to fight recklessly!
You are too injured to fight recklessly!
You are too injured to fight recklessly!
You are too injured to fight recklessly!
You are too injured to fight recklessly!
Aiming: Magic Dart (safe; 7% risk of failure)
Press: ? - help, Q - select action, (/) - cycle Shift-Dir - straight line, f/p - orc priest
Aim: an orc priest, wielding a +0 dagger of flaming and wearing a +0 leather armour (heavily wounded, 100% to hit)
You feel a surge of power!
The magic dart hits the orc priest but does no damage.
The orc priest is heavily wounded.
The orc priest miscasts a cantrip.
Aiming: Magic Dart (safe; 7% risk of failure)
Press: ? - help, Q - select action, (/) - cycle Shift-Dir - straight line, f/p - orc priest
Aim: an orc priest, wielding a +0 dagger of flaming and wearing a +0 leather armour (heavily wounded, 100% to hit)
You feel a surge of power!
The magic dart hits the orc priest.
The orc priest is severely wounded.
The orc priest invokes the aid of Beogh against you.
Beogh smites you!
* * * LOW HITPOINT WARNING * * *
Aiming: Magic Dart (safe; 7% risk of failure)
Press: ? - help, Q - select action, (/) - cycle Shift-Dir - straight line, f/p - orc priest
Aim: an orc priest, wielding a +0 dagger of flaming and wearing a +0 leather armour (severely wounded, 100% to hit)
You feel a surge of power!
The magic dart hits the orc priest.
The orc priest is almost dead.
The orc priest mumbles some strange prayers to Beogh against you.
Beogh smites you!
You die...

#### ###..## ##.....####
##....###..# ###
#........@)## #.# ####
###......#o.####.####..#
#.#.#####........#...#
###....# #......#....##
#....#######....###)..#
###........##...###...####
##
##.##....##...#........#
.##
#..##.....#......##.....
..##
###.###........##.##..##.


You could see an orc priest.

Vanquished Creatures
  An ogre (D:3)
  A phantom (D:4)
  A bullfrog (D:5)
  A scorpion (D:4)
  A necrophage (D:4)
  2 hounds (D:5)
  Terence (D:3)
  An iguana (D:4)
  A mummy (D:3)
  Robin (D:3)
  3 gnolls (D:3)
  7 adders
  3 white imps (D:5)
  An ufetubus (D:5)
  A worm (D:2)
  5 orcs
  7 ball pythons
  7 endoplasms
  7 giant cockroaches
  20 goblins
  8 hobgoblins
  9 jackals
  5 quokkas
  4 bats
  4 frilled lizards
  2 kobolds
  4 rats
108 creatures vanquished.

Notes
Turn   | Place    | Note
-------+----------+-------------------------------------------
     0 | D:1      | jimonade the Gnoll Hedge Wizard began the quest for the
                  | Orb.
     0 | D:1      | Reached XP level 1. HP: 13/13 MP: 8/8
   168 | D:1      | Found a faded altar of an unknown god.
   295 | D:1      | Reached XP level 2. HP: 19/19 MP: 7/10
   349 | D:1      | Learned a level 2 spell: Blink
   935 | D:2      | Reached XP level 3. HP: 25/25 MP: 5/11
  1181 | D:2      | Reached skill level 1 in Invocations
  1431 | D:2      | Reached skill level 1 in Fighting
  1431 | D:2      | Reached skill level 1 in Short Blades
  1431 | D:2      | Reached skill level 1 in Long Blades
  1431 | D:2      | Reached skill level 1 in Axes
  1431 | D:2      | Reached skill level 1 in Maces & Flails
  1431 | D:2      | Reached skill level 1 in Polearms
  1431 | D:2      | Reached skill level 1 in Staves
  1431 | D:2      | Reached skill level 1 in Ranged Weapons
  1431 | D:2      | Reached skill level 1 in Throwing
  1431 | D:2      | Reached skill level 1 in Armour
  1431 | D:2      | Reached skill level 1 in Shields
  1431 | D:2      | Reached skill level 1 in Unarmed Combat
  1431 | D:2      | Reached skill level 1 in Evocations
  2310 | D:3      | Found Xizejak's Magic Scroll Emporium.
  2314 | D:3      | Bought a scroll of identify for 26 gold pieces
  2314 | D:3      | Bought a scroll of magic mapping for 97 gold pieces
  2396 | D:3      | Found Otyosaol's Magic Scroll Emporium.
  2497 | D:3      | Reached XP level 4. HP: 32/32 MP: 10/13
  2546 | D:3      | Noticed an ogre
  2565 | D:3      | Killed an ogre
  2566 | D:3      | Reached skill level 1 in Hexes
  2566 | D:3      | Reached skill level 1 in Necromancy
  2566 | D:3      | Reached skill level 1 in Transmutations
  2566 | D:3      | Reached skill level 1 in Fire Magic
  2566 | D:3      | Reached skill level 1 in Ice Magic
  2566 | D:3      | Reached skill level 1 in Air Magic
  2566 | D:3      | Reached skill level 1 in Earth Magic
  2566 | D:3      | Reached skill level 1 in Poison Magic
  2566 | D:3      | Reached XP level 5. HP: 37/37 MP: 4/14
  3000 | D:3      | Found a sparkling altar of Nemelex Xobeh.
  3029 | D:3      | Found a radiant altar of Vehumet.
  3039 | D:3      | Noticed Robin
  3730 | D:3      | Found a shimmering blue altar of Sif Muna.
  3855 | D:3      | Reached XP level 6. HP: 44/44 MP: 10/16
  4167 | D:3      | Killed Robin
  4531 | D:3      | Reached skill level 5 in Dodging
  4582 | D:3      | Found a burning altar of Makhleb.
  4595 | D:3      | Noticed Terence
  4615 | D:3      | Killed Terence
  4810 | D:3      | Found a snail-covered altar of Cheibriados.
  4985 | D:4      | Found a shimmering altar of Xom.
  5243 | D:4      | Found a staircase to the Ecumenical Temple.
  5280 | Temple   | Entered the Ecumenical Temple
  5375 | Temple   | Became a worshipper of Warmaster Okawaru
  5404 | D:4      | Found a glowing silver altar of Zin.
  5456 | D:4      | Found Bium's Magic Scroll Shop.
  5642 | D:4      | Identified the +3 ring mail "Wusitu" {Int+2}
  5720 | D:4      | Reached XP level 7. HP: 47/51 MP: 11/18
  6002 | D:4      | Noticed Duvessa
  6003 | D:4      | Noticed Dowan
  6251 | D:4      | Noticed a +0 hand axe
  6252 | D:4      | Noticed a +0 hand axe
  6265 | D:4      | Found a hide-covered altar of Uskayaw.
  6322 | D:5      | Entered Level 5 of the Dungeon
  6328 | D:5      | Reached * piety under Okawaru
  6417 | D:5      | Reached skill level 5 in Stealth
  6902 | D:5      | Identified the +10 dagger of Nolasena {drain, rPois rC-
                  | Str+7 Dex-5}
  7203 | D:5      | Killed from afar by an orc priest

Illustrated notes

Levels and vault maps discovered:
D:1:      eino_arrival_cavern_a, layout_rooms,
          shapermc_ecumenical_altar_starsandcircs, hangedman_decor_push,
          chequers_garden
D:2:      layout_basic
D:3:      layout_loops_cross, nemelex_dance_club_becter, old_standard_altar,
          old_standard_altar, chei_slow_surprise, marbit_many_paths,
          serial_shops, nicolae_shop_trees, nicolae_shop_advertising_works
          [nicolae_subvault_shop_adworks], uniq_terence, uniq_robin
D:4:      layout_cave_pools, old_standard_altar, dancing_weapons_uskayaw,
          xom_teletrap_fun, minmay_temple_entry_purple_smoke, serial_shops,
          nicolae_shop_competitors_out_of_business, minmay_crystal_water,
          chequers_serial_rivers_small_b, uniq_duvessa
D:5:      layout_cave_pools, nicolae_underground_beach
D:6:      layout_cave_pools, portal_sewer_entry_d
Temple:   nicolae_temple_godpark

Skill      XL: |  1  2  3  4  5  6  7 |
---------------+----------------------+-----
Conjurations   | 2 3 |  3.1
Summonings     | 2 3 |  3.1
Translocations | 2 3 |  3.1
Invocations    | 1 2 3 |  3.0
Fighting       | 1 2 |  2.7
Short Blades   | 1 2 |  2.7
Long Blades    | 1 2 |  2.7
Axes           | 1 2 |  2.7
Maces & Flails | 1 2 |  2.7
Polearms       | 1 2 |  2.7
Staves         | 1 2 |  2.7
Ranged Weapons | 1 2 |  2.7
Throwing       | 1 2 |  2.7
Armour         | 1 2 |  2.7
Shields        | 1 2 |  2.7
Unarmed Combat | 1 2 |  2.7
Evocations     | 1 2 |  2.7
Hexes          | 1 2 |  2.2
Necromancy     | 1 2 |  2.2
Transmutations | 1 2 |  2.2
Fire Magic     | 1 2 |  2.2
Ice Magic      | 1 2 |  2.2
Air Magic      | 1 2 |  2.2
Earth Magic    | 1 2 |  2.2
Poison Magic   | 1 2 |  2.2
Dodging        | 5 |  5.4
Stealth        | 5 |  5.0
Spellcasting   | |  7.7

Action                   |  1- 3 |  4- 6 |  7- 9 || total
-------------------------+-------+-------+-------++-------
Melee: Club              |       |    13 |       ||    13
       Staff             |       |     7 |     3 ||    10
 Cast: Magic Dart        |   104 |   188 |    68 ||   360
  Use: Scroll            |     5 |     4 |     2 ||    11
Armor: Robe              |       |     6 |       ||     6
       Ring mail         |       |       |    43 ||    43
Dodge: Dodged            |     6 |    61 |    34 ||   101

Table legend: (Time is in decaauts)
 A = Elapsed time spent in this place.
 B = Non-inter-level travel time spent in this place.
 C = Inter-level travel time spent in this place.
 D = Time resting spent in this place.
 E = Time spent auto-exploring this place.
 F = Levels seen in this place.
 G = Mean time per level.
                   A        B        C        D        E       F      G
               +--------+--------+--------+--------+--------+-----+--------+
         Total |   7217 |   6870 |    347 |   1728 |   3459 |   7 | 1031.0 |
       Dungeon |   7098 |   6786 |    312 |   1728 |   3387 |   6 | 1183.0 |
        Temple |    119 |     84 |     35 |      0 |     72 |   1 |  119.0 |
               +--------+--------+--------+--------+--------+-----+--------+

Top non-repeatable levels by time:
     D:3: 2435 daAuts
     D:2: 1984 daAuts
     D:4: 985 daAuts
     D:5: 834 daAuts
     D:1: 812 daAuts
  Temple: 119 daAuts
     D:6: 46 daAuts
